 Dungeon Crawl Stone Soup version 0.28.0-53-g5a82cb258f (webtiles) character file.

Game seed: 3216163475714445765

16634 Holdthepickle the Fighter (level 12, -2/102 (112) HPs)
             Began as a Minotaur Berserker on June 8, 2022.
             Was a High Priest of Trog.
             Slain by a catoblepas (6 damage)
             ... while petrified by a catoblepas
             ... on level 3 of the Lair of Beasts.
             The game lasted 00:22:04 (17493 turns).

Holdthepickle the Fighter (Minotaur Berserker)     Turns: 17493, Time: 00:22:04

HP:   -2/102 (112)  AC: 34    Str: 28    XL:     12   Next: 11%
MP:   20/20         EV:  2    Int: 13    God:    Trog [*****.]
Gold: 679           SH:  0    Dex:  9    Spells: 11/11 levels left

rFire   . . .      SeeInvis .   R - +5 long sword of Qipn {vorpal, rElec Str+4 Int+2}
rCold   + . .      Faith    .   (no shield)
rNeg    + + +      Spirit   .   Q - +8 orange crystal plate armour {Archmagi, Int+3 Clar}
rPois   ∞          Reflect  .   (helmet restricted)
rElec   +          Harm     .   W - +2 cloak "Ziut Diled" {+Inv}
rCorr   +          Rampage  .   k - +0 pair of gloves
Will    .....      Archmagi +   (no boots)
Stlth   .......... Clarity  +   (no amulet)
HPRegen 0.27/turn               h - ring "Wudiegut" {rC+ rCorr MP+9 Str-4 Int+4}
MPRegen 0.17/turn               x - ring of resist corrosion

@: petrified, drained
A: horns 2, retaliatory headbutt
a: Renounce Religion, Evoke Invisibility, Berserk, Trog's Hand, Brothers in Arms


You were on level 3 of the Lair of Beasts.
You worshipped Trog.
Trog was extremely pleased with you.
You visited 2 branches of the dungeon, and saw 14 of its levels.

You collected 679 gold pieces.

Inventory:

Hand Weapons
 a - a +0 mace
 i - the +1 dagger of Gallantry {elec, Fragile Fly rF+ Int+8}
   (You found it on level 3 of the Dungeon)

   It occasionally discharges a powerful burst of electricity upon striking a
   foe.
   Int:       It affects your intelligence (+8).
   rF:        It protects you from fire.
   Fly:       It grants you flight.
   Fragile:   It will be destroyed if unequipped.
 n - a +2 flail of venom
 q - a +2 whip of freezing
 P - the +6 spear of the Peculiar Ziggurats {venom, Will+ Int+3 Dex-4}
   (You found it on level 10 of the Dungeon)

   It poisons the flesh of those it strikes.
   Int:       It affects your intelligence (+3).
   Dex:       It affects your dexterity (-4).
   Will:      It increases your willpower.
 R - the +5 long sword of Qipn (weapon) {vorpal, rElec Str+4 Int+2}
   (You found it on level 10 of the Dungeon)

   It inflicts extra damage upon your enemies.
   Str:       It affects your strength (+4).
   Int:       It affects your intelligence (+2).
   rElec:     It insulates you from electricity.
 S - a +0 dagger
Missiles
 t - 6 atropa-tipped darts (quivered)
 u - a throwing net
Armour
 k - a +0 pair of gloves (worn)
 M - +1 steam dragon scales
 Q - the +8 orange crystal plate armour (worn) {Archmagi, Int+3 Clar}
   (You found it on level 10 of the Dungeon)

   Int:       It affects your intelligence (+3).
   Clar:      It protects you against confusion.
 W - the +2 cloak "Ziut Diled" (worn) {+Inv}
   (You found it on level 1 of the Lair of Beasts)

   +Inv:      It lets you turn invisible.
Jewellery
 g - a ring of magical power
 h - the ring "Wudiegut" (left hand) {rC+ rCorr MP+9 Str-4 Int+4}
   (You found it on level 2 of the Dungeon)

   [ring of magical power]

   Str:       It affects your strength (-4).
   Int:       It affects your intelligence (+4).
   rC:        It protects you from cold.
   MP:        It affects your magic capacity (+9).
   rCorr:     It protects you from acid and corrosion.
 x - a ring of resist corrosion (right hand)
 A - a ring of magical power
 C - an amulet of faith
Wands
 w - a wand of flame (18)
 y - a wand of iceblast (8)
 G - a wand of polymorph (16)
 L - a wand of digging (5)
Scrolls
 d - 2 scrolls of fear {unknown}
 f - 2 scrolls of blinking {unknown}
 j - a scroll of immolation {unknown}
 o - 8 scrolls of identify {unknown}
 r - 3 scrolls of enchant weapon {unknown}
 s - a scroll of torment {unknown}
 B - a scroll of amnesia {unknown}
 E - 2 scrolls of enchant armour {unknown}
 F - a scroll of magic mapping {unknown}
 H - 3 scrolls of acquirement {unknown}
 I - a scroll of vulnerability {unknown}
 J - 3 scrolls of teleportation {unknown}
 K - 2 scrolls of noise {unknown}
 T - 2 scrolls of fog {unknown}
 V - a scroll of brand weapon {unknown}
Potions
 b - 3 potions of haste {unknown}
 c - a potion of might {unknown}
 e - 2 potions of attraction {unknown}
 l - 6 potions of curing {unknown}
 p - a potion of mutation {unknown}
 v - a potion of lignification {unknown}
 z - 2 potions of degeneration {unknown}
 D - a potion of brilliance {unknown}
 N - a potion of cancellation {unknown}
 O - a potion of resistance {unknown}
 U - a potion of ambrosia {unknown}


   Skills:
 + Level 12.2 Fighting
 * Level 7.3 Long Blades
 - Level 11.0 Maces & Flails
 - Level 1.3 Polearms
 + Level 11.9 Armour
 + Level 11.0 Dodging


You had 11 spell levels left.
You didn't know any spells.
Your spell library was empty.

Dungeon Overview and Level Annotations

Branches:
Dungeon (11/15)            Temple (0/1) D:7            Lair (3/6) D:10
  Swamp (0/4) Lair:2
  Snake: Lair:2-4    Spider: Lair:2-4       Orc: D:9-12

Altars:
Cheibriados
Dithmenos
Fedhas
Hepliaklqana
Ru
Zin

Shops:
D:3 ?   D:9 *

Annotations:
Lair:2 3 runed translucent doors, nickcage's ghost, journeyman SpEn


Innate Abilities, Weirdness & Mutations

You have a pair of horns on your head.
You reflexively headbutt those who attack you in melee.


Message History

The catoblepas breathes a plume of calcifying dust at you.
The blast of calcifying dust hits you but does no damage.
You are engulfed in calcifying dust.
The catoblepas gores you.
* * * LOW HITPOINT WARNING * * *
You are engulfed in calcifying dust.
The catoblepas gores you but does no damage.
You are engulfed in calcifying dust.
The catoblepas barely misses you.
You turn to flesh and can move again.
You hit the catoblepas but do no damage.
You headbutt the catoblepas, but do no damage.
The catoblepas is lightly wounded.
You are engulfed in calcifying dust.
The catoblepas gores you but does no damage.
You hit the catoblepas.
You headbutt the catoblepas, but do no damage.
The catoblepas is moderately wounded.
You are engulfed in calcifying dust.
You are slowing down.
The catoblepas breathes a plume of calcifying dust at you.
The blast of calcifying dust hits you but does no damage.
You slash the catoblepas!
You headbutt the catoblepas, but do no damage.
The catoblepas is moderately wounded.
The catoblepas barely misses you. You furiously retaliate!
You headbutt the catoblepas. The catoblepas gores you!!
* * * LOW HITPOINT WARNING * * *
Your limbs are stiffening.
You're still recovering from your berserk rage.
You feel drained.
You fail to use your ability.
You recover from your berserk rage.
The catoblepas gores you!
* * * LOW HITPOINT WARNING * * *
You have turned to stone.
The catoblepas gores you but does no damage. x2
The catoblepas breathes a plume of calcifying dust at you.
The blast of calcifying dust hits you but does no damage.
You are engulfed in calcifying dust.
The catoblepas gores you!
* * * LOW HITPOINT WARNING * * *
You are engulfed in calcifying dust.
The catoblepas gores you!
You die...

#### #### ### #..# #.#.
#### # #<# ##.####...
#..# #.###.######.#.##..
####...
#..†..÷##.P..##...
#.....# #..P###......##
#.####..... #####
###....######...$.....
##.#.....##.............
#...§§§@Y#..............
#....###.......#........
...P## ##..###.#........
..P## #.#.###.....#...
..# #...## #..P####.. ..
#.... ##.## .. .....#
..# . ....... ..#
.....P...


You could see a catoblepas.

Vanquished Creatures
  A death knight (D:10)
  A two-headed ogre (D:8)
  3 bog bodies (Lair:2)
  Pikel (D:4)
  An ugly thing (D:10)
  2 manticores (D:10)
  4 cane toads
  Maggie (D:6)
  2 kobold demonologists (D:10)
  2 komodo dragons
  A rime drake (Lair:3)
  A troll (D:8)
  3 blink frogs (Lair:1)
  A polar bear (Lair:1)
  A slime creature (D:10)
  2 wyverns (D:10)
  A vampire (D:9)
  23 yaks
  Edmund (D:6)
  A swamp worm (Lair:2)
  Duvessa (D:6)
  6 water moccasins
  6 orc warriors
  A sky beast (D:4)
  2 black bears
  3 ogres
  An ice beast (D:6)
  2 necrophages (D:7)
  A centaur (D:8)
  3 kobold brigands
  Blork the orc (D:4)
  8 bullfrogs
  2 scorpions
  Dowan (D:6)
  3 killer bees (D:9)
  2 howler monkeys (D:8)
  An electric eel (Lair:2)
  A bullfrog zombie (D:3)
  5 orc priests
  A centaur skeleton (D:4)
  2 centaur zombies
  A gnoll shaman (D:5)
  2 hounds (D:4)
  A jelly (D:3)
  10 orc wizards
  4 iguanas
  6 hell rats (Lair:1)
  A hound skeleton (D:4)
  A howler monkey skeleton (D:7)
  7 gnolls (D:5)
  5 adders
  A worm (D:2)
  44 orcs
  8 bats
  7 endoplasms
  2 giant cockroaches (D:3)
  8 goblins
  2 hobgoblins
  17 kobolds
  2 quokkas
  9 ball pythons
  4 frilled lizards
  3 rats (D:3)
251 creatures vanquished.

Vanquished Creatures (others)
  2 fungi (Lair:2)
  7 plants
9 creatures vanquished.

Grand Total: 260 creatures vanquished

Notes
Turn   | Place    | Note
-------+----------+-------------------------------------------
     0 | D:1      | Holdthepickle the Minotaur Berserker began the quest for
                  | the Orb.
     0 | D:1      | Reached XP level 1. HP: 19/19 MP: 0/0
   588 | D:1      | Found a faded altar of an unknown god.
   751 | D:2      | Reached XP level 2. HP: 21/27 MP: 1/1
   767 | D:2      | Reached skill level 4 in Fighting
  1389 | D:2      | Reached XP level 3. HP: 33/33 MP: 2/2
  1400 | D:2      | Identified the ring "Wudiegut" {rC+ rCorr MP+9 Str-4 Int+4}
  1610 | D:3      | Reached ** piety under Trog
  1622 | D:3      | Identified the +1 dagger of Gallantry {elec, Fragile Fly
                  | rF+ Int+8}
  1714 | D:3      | Found Ximec's Magic Scroll Shoppe.
  1835 | D:3      | Reached XP level 4. HP: 6/41 MP: 3/3
  3353 | D:3      | Reached XP level 5. HP: 33/47 MP: 4/4
  3705 | D:4      | Noticed a sky beast
  3718 | D:4      | Killed a sky beast
  3719 | D:4      | Reached skill level 5 in Fighting
  3719 | D:4      | Reached skill level 5 in Maces & Flails
  3828 | D:4      | Reached XP level 6. HP: 47/56 MP: 5/5
  3879 | D:4      | Found a snail-covered altar of Cheibriados.
  4152 | D:4      | Found a sand-covered staircase.
  4160 | D:4      | Noticed Blork the orc
  4163 | D:4      | Noticed Pikel
  4167 | D:4      | Killed Blork the orc
  4167 | D:4      | Reached *** piety under Trog
  4172 | D:4      | Killed Pikel
  4173 | D:4      | Reached skill level 6 in Fighting
  4173 | D:4      | Reached skill level 5 in Armour
  4173 | D:4      | Reached skill level 5 in Dodging
  4173 | D:4      | Reached XP level 7. HP: 61/64 MP: 6/6
  4520 | D:4      | Reached XP level 8. HP: 71/71 MP: 7/7
  4629 | D:5      | Entered Level 5 of the Dungeon
  4884 | D:5      | Reached skill level 7 in Fighting
  5409 | D:6      | Noticed Duvessa
  5412 | D:6      | Noticed Dowan
  5420 | D:6      | Killed Duvessa
  5430 | D:6      | Killed Dowan
  5831 | D:6      | Noticed Edmund
  5843 | D:6      | Killed Edmund
  6046 | D:6      | You fall into a shaft and drop 3 floors!
  6157 | D:9      | Reached XP level 9. HP: 66/81 MP: 8/8
  6170 | D:9      | Reached skill level 8 in Fighting
  6949 | D:9      | Reached skill level 9 in Fighting
  6961 | D:9      | Reached XP level 10. HP: 16/91 MP: 9/9
  7632 | D:9      | Found Eceiloal's Serpentskin Sales.
  8067 | D:9      | Found a sacrificial altar of Ru.
  8073 | D:9      | Found a shadowy altar of Dithmenos.
  8302 | D:8      | Reached **** piety under Trog
  8330 | D:8      | Noticed a two-headed ogre
  8340 | D:8      | Killed a two-headed ogre
  9005 | D:8      | Reached skill level 10 in Fighting
  9005 | D:8      | Reached skill level 10 in Maces & Flails
 10455 | D:7      | Found a staircase to the Ecumenical Temple.
 10485 | D:7      | Reached skill level 10 in Armour
 11406 | D:6      | Found a blossoming altar of Fedhas.
 11416 | D:6      | Noticed Maggie
 11427 | D:6      | Killed Maggie
 11701 | D:6      | Found a glowing silver altar of Zin.
 11945 | D:6      | Found a hazy altar of Hepliaklqana.
 12072 | D:10     | Entered Level 10 of the Dungeon
 12440 | D:10     | Noticed a red ugly thing
 12441 | D:10     | Noticed a manticore
 12453 | D:10     | Killed a red ugly thing
 12454 | D:10     | Reached XP level 11. HP: 61/101 MP: 10/10
 12989 | D:10     | Found a staircase to the Lair.
 12994 | D:10     | Reached skill level 11 in Fighting
 13104 | D:10     | Identified the +6 spear of the Peculiar Ziggurats {venom,
                  | Will+ Int+3 Dex-4}
 13205 | D:10     | Found the +8 orange crystal plate armour {Archmagi, Int+3
                  | Clar}
 13210 | D:10     | Reached skill level 1 in Polearms
 13250 | D:10     | Identified the +5 long sword of Qipn {vorpal, rElec Str+4
                  | Int+2}
 13376 | D:10     | Reached skill level 1 in Long Blades
 13376 | D:10     | Reached skill level 10 in Dodging
 13648 | D:10     | Noticed a death knight
 13662 | D:10     | Killed a death knight
 14664 | Lair:1   | Entered Level 1 of the Lair of Beasts
 14716 | Lair:1   | Reached ***** piety under Trog
 15300 | Lair:1   | Identified the +2 cloak "Ziut Diled" {+Inv}
 15552 | Lair:1   | Reached skill level 5 in Long Blades
 16129 | Lair:2   | Noticed nickcage's ghost (journeyman SpEn)
 16233 | Lair:2   | Noticed a bog body
 16237 | Lair:2   | Killed a bog body
 16242 | Lair:2   | Noticed a bog body
 16258 | Lair:2   | Killed a bog body
 16259 | Lair:2   | Reached skill level 12 in Fighting
 16632 | Lair:2   | Found a runed translucent gate.
 16633 | Lair:2   | Found a runed translucent gate.
 16634 | Lair:2   | Found a runed translucent gate.
 16923 | Lair:2   | Reached XP level 12. HP: 112/112 MP: 11/11
 17041 | Lair:2   | Found a staircase to the Swamp.
 17438 | Lair:3   | Noticed a catoblepas
 17492 | Lair:3   | HP: 4/102 [catoblepas (5)]
 17493 | Lair:3   | Slain by a catoblepas

Illustrated notes

Levels and vault maps discovered:
D:1:      wheals_arrival_linesprint, layout_rooms,
          hellmonk_ecumenical_altar_inner_sanctum
D:2:      layout_loops_cross, roderic_roman_lattice, serial_bayou_ford_a,
          solitary_fountain
D:3:      layout_basic, serial_shops, shop, nrook_mini_backslash,
          minmay_joined_circles
D:4:      layout_loops_cross, cheibriados_altar_1, enter_ossuary_1, uniq_pikel,
          uniq_blork_the_orc
D:5:      layout_gridville
D:6:      layout_cave_pools, nicolae_hepliaklqana_hippocampus, fedhas_altar_1,
          mainiacjoe_overflow_alcove_1, uniq_edmund, uniq_maggie, uniq_duvessa
D:7:      layout_gridville, minmay_temple_entry_waves
D:8:      layout_layer_cave
D:9:      layout_roguey, grunt_temple_overflow_open, enter_bailey_3,
          guppyfry_shop_venom
D:10:     minmay_tri_box, layout_gridville, grunt_lair_entry_orc_guard_hut
D:11:     layout_stronghold, hellmonk_guarded_unrand_cigotuvi
Lair:1:   layout_chaotic_city, hangedman_lair_unloving_vines
Lair:2:   layout_loops_ring, nicolae_swamp_entry_splash_gauntlet,
          gammafunk_ghost_icy
Lair:3:   layout_layer_cave, portal_ice_cave_rime, guppyfry_lair_drakes,
          grunt_megastairs_5, uniq_rupert

Skill      XL: |  1  2  3  4  5  6  7  8  9 10 11 12 |
---------------+-------------------------------------+-----
Fighting       | 4 5 6 7 9 10 12 | 12.2
Maces & Flails | 4 5 6 7 9 10 11 | 11.0
Armour         | 3 4 5 6 7 9 10 11 | 11.9
Dodging        | 3 4 5 6 8 9 10 11 | 11.0
Polearms       | 1 |  1.3
Long Blades    | 6 7 |  7.3

Action                   |  1- 3 |  4- 6 |  7- 9 | 10-12 || total
-------------------------+-------+-------+-------+-------++-------
Melee: Mace              |    96 |   100 |       |       ||   196
       Headbutt          |    10 |    18 |    33 |    67 ||   128
       Flail             |       |    10 |   174 |   207 ||   391
       Punch             |       |       |     3 |    12 ||    15
       Long sword        |       |       |       |   214 ||   214
       Spear             |       |       |       |     4 ||     4
Invok: Berserk           |       |     2 |     2 |     9 ||    13
       Trog's Hand       |       |       |     1 |       ||     1
Armor: Chain mail        |    40 |       |       |       ||    40
       Animal skin       |     2 |       |       |       ||     2
       Plate armour      |    34 |    87 |   101 |   112 ||   334
       Crystal plate arm |       |       |       |   302 ||   302
Dodge: Dodged            |    43 |    36 |    76 |   230 ||   385
